 Dungeon Crawl Stone Soup version 0.29.1-1-gd02db6906a (webtiles) character file.

Game seed: 9312638661817555952

4 LustLizard the Trooper (level 1, -1/18 HPs)
             Began as a Demonspawn Fighter on Oct 5, 2022.
             Frozen to death by an endoplasm (5 damage)
             ... on level 1 of the Dungeon.
             The game lasted 00:01:48 (310 turns).

LustLizard the Trooper (Demonspawn Fighter)          Turns: 310, Time: 00:01:49

Health: -1/18      AC:  6    Str: 16    XL:     1   Next: 50%
Magic:  1/1        EV:  8    Int:  9    God:
Gold:   0          SH:  4    Dex: 12    Spells: 0/0 levels left

rFire   . . .      SeeInvis .   a - +0 long sword
rCold   . . .      Faith    .   c - +0 buckler
rNeg    . . .      Spirit   .   b - +0 scale mail
rPois   .          Reflect  .   (no helmet)
rElec   .          Harm     .   (no cloak)
rCorr   .          Rampage  .   (no gloves)
Will    .....                   (no boots)
Stlth   ..........              (no amulet)
HPRegen 0.06/turn               (no ring)
MPRegen 0.07/turn               (no ring)

@: mighty
A: no striking features
a: no special abilities


You were on level 1 of the Dungeon.
You visited 1 branch of the dungeon, and saw 1 of its levels.

Inventory:

Hand Weapons
 a - a +0 long sword (weapon)
Missiles
 e - 4 stones (quivered)
 h - 6 curare-tipped darts
Armour
 b - a +0 scale mail (worn)
 c - a +0 buckler (worn)
Potions
 f - a potion of curing {unknown}
 g - a potion of degeneration {unknown}


   Skills:
 + Level 3.0 Fighting
 * Level 2.0 Long Blades
 * Level 0.1 Throwing
 - Level 2.6 Armour
 + Level 0.2 Dodging
 - Level 2.6 Shields


You couldn't memorise any spells.
You didn't know any spells.
Your spell library was empty.

Dungeon Overview and Level Annotations

Branches:
Dungeon (1/15)

Altars:


Message History

You closely miss the bat. The bat barely misses you.
You miss the bat. The bat barely misses you.
You barely miss the bat. The bat closely misses you. x2
You miss the bat. The bat hits you but does no damage.
The bat barely misses you.
You miss the bat. The bat barely misses you.
You barely miss the bat. You block the bat's attack.
The bat hits you but does no damage.
You barely miss the bat. The bat hits you. The bat hits you but does no damage.
The bat hits you but does no damage.
You barely miss the bat. You block the bat's attack. The bat barely misses you.
You slash the bat!
You kill the bat!
Your Long Blades skill increases to level 2!
A goblin comes into view. It is wielding a +0 club.
The goblin shouts!
An endoplasm comes into view.
An endoplasm comes into view.
The goblin hits you with a +0 club.
You closely miss the goblin. The goblin hits you with a +0 club. x2
You closely miss the goblin. The goblin hits you but does no damage.
You hit the goblin but do no damage. The goblin hits you but does no damage.
You hit the goblin but do no damage. The goblin hits you with a +0 club.
The endoplasm freezes you.
You are frozen.
The endoplasm freezes you.
You are frozen.
* * * LOW HITPOINT WARNING * * *
The goblin closely misses you. The endoplasm attacks as you move away!
The endoplasm barely misses you. The goblin attacks as you move away!
You block the goblin's attack. The endoplasm attacks as you move away!
The endoplasm hits you but does no damage.
The endoplasm attacks as you move away!
The endoplasm hits you but does no damage.
You feel very mighty all of a sudden. The endoplasm freezes you.
You are frozen.
You die...

...........#
#..........#
#..........#
###..........#
............#
#..........#
..#..........########
........J∩..8..♣..∩..
####..@#............
#####...#............
........#♣g.∩..8..♣..
####...#............
##................
................♣..♣.
.............†........
.....)................
..........8..∩..∩..∩..


You could see an endoplasm.

Vanquished Creatures
  2 hobgoblins (D:1)
  A bat (D:1)
  A rat (D:1)
4 creatures vanquished.

Notes
Turn   | Place    | Note
-------+----------+-------------------------------------------
     0 | D:1      | LustLizard the Demonspawn Fighter began the quest for the
                  | Orb.
     0 | D:1      | Reached XP level 1. HP: 18/18 MP: 1/1
   255 | D:1      | Found a faded altar of an unknown god.
   310 | D:1      | Frozen to death by an endoplasm

Illustrated notes

Levels and vault maps discovered:
D:1:      dpeg_arrival_rhombi, layout_rooms,
          hellmonk_ecumenical_altar_arch_garden

Skill      XL: |  1 |
---------------+----+-----
Long Blades    | 2 |  2.0
Fighting       | |  3.0
Throwing       | |  0.1
Armour         | |  2.6
Dodging        | |  0.2
Shields        | |  2.6

Action                   || total
-------------------------++-------
Melee: Long sword        ||    25
  Use: Potion            ||     1
Armor: Scale mail        ||    10
Dodge: Dodged            ||    12
Block: Buckler           ||     5
